AA - U28
ALEXANDRIA ACES @ CORPUS CHRISTI HOOKS
04/13/2052
 
TOP OF THE 1ST
Alexandria Aces batting - Pitching for Midland RockHounds : RHP Aidan Phillips
Pitching: RHP Aidan Phillips
Batting: RHB Nick Lyon 0-0: Ball
1-0: Ball
2-0: Swinging Strike
2-1: Foul Ball, location: 5FF
2-2: Ball
3-2: SINGLE (Groundball, 34D, EV 99.4 MPH)
Batting: LHB Gregorix Briseno 0-0: Called Strike
0-1: Ball
1-1: Foul Ball, location: 2F
1-2: Fly out, F6 (Popup, 6, EV 76.3 MPH)
Batting: LHB Adon Soledad 0-0: Ball
Nick Lyon steals 2nd base
1-0: Called Strike
1-1: Ball
2-1: Ball
3-1: Called Strike
3-2: Reached on error, E4 (Groundball, 4, EV 93.8 MPH)
Nick Lyon to third
Batting: LHB Ollie Backman 0-0: Ball
1-0: Foul Ball, location: 3F
1-1: Foul Ball, location: 7LSF
1-2: Strikes out looking
Batting: RHB Lamarr Blanchard 0-0: Ball
1-0: Ball
2-0: Called Strike
2-1: Ball
3-1: Base on Balls
Adon Soledad to second
Batting: RHB Kelvin Cantrell 0-0: Called Strike
0-1: Ball
1-1: Foul Ball, location: 3FF
1-2: SINGLE (Groundball, 6MS, EV 70.6 MPH) (infield hit)
Nick Lyon scores
Adon Soledad to third
Lamarr Blanchard to second
Batting: LHB Sun Liu 0-0: Swinging Strike
0-1: Foul Ball, location: 2F
0-2: Ball
1-2: Strikes out swinging
Top of the 1st over - 1 run, 2 hits, 1 error, 3 left on base; Alexandria 1 - Midland 0
BOTTOM OF THE 1ST
Midland RockHounds batting - Pitching for Alexandria Aces : RHP Santiago Manzanaros
Pitching: RHP Santiago Manzanaros
Batting: LHB Vicente Prieto 0-0: Ball
1-0: Ball
2-0: Foul Ball, location: 5F
2-1: Fly out, F7 (Flyball, 7LM, EV 103.1 MPH)
Batting: RHB Francisco Adames 0-0: Ball
1-0: Called Strike
1-1: Ground out 3-1 (Groundball, 34, EV 106.9 MPH)
Batting: RHB Finley Wehler 0-0: Ball
1-0: Foul Ball, location: 2F
1-1: Ball
2-1: Foul Ball, location: 23F
2-2: Foul Ball, location: 9LMF
2-2: SINGLE (Groundball, 4MD, EV 108.1 MPH)
Batting: RHB Flint Melendez 0-0: Ball
Wild Pitch!
Finley Wehler to second
1-0: Fly out, F8 (Line Drive, 8RM, EV 95.6 MPH)
Bottom of the 1st over - 0 runs, 1 hit, 0 errors, 1 left on base; Alexandria 1 - Midland 0
TOP OF THE 2ND
Alexandria Aces batting - Pitching for Midland RockHounds : RHP Aidan Phillips
Batting: SHB Maxwell Moore 0-0: Ball
1-0: Swinging Strike
1-1: Called Strike
1-2: Ball
2-2: Foul Ball, location: 25F
2-2: Foul Ball, location: 3SF
2-2: Ball
3-2: SINGLE (Line Drive, 78S, EV 105.6 MPH)
Batting: RHB Bill Sheppard 0-0: Called Strike
0-1: Fly out, F8 (Line Drive, 8RM, EV 101.3 MPH)
Batting: RHB Nick Lyon 0-0: Ball
1-0: Ball
2-0: Called Strike
2-1: Swinging Strike
2-2: Foul Ball, location: 2F
2-2: Foul Ball, location: 9LMF
2-2: Fly out, F8 (Flyball, 8LM, EV 96.9 MPH)
Batting: LHB Gregorix Briseno 0-0: Called Strike
0-1: Swinging Strike
0-2: Ball
1-2: SINGLE (Line Drive, 6MD, EV 99.4 MPH)
Maxwell Moore to second
Batting: LHB Adon Soledad 0-0: Called Strike
0-1: Ball
1-1: Hit by Pitch
Maxwell Moore to third
Gregorix Briseno to second
Batting: LHB Ollie Backman 0-0: Fly out, F7 (Flyball, 78M, EV 76.3 MPH)
Top of the 2nd over - 0 runs, 2 hits, 0 errors, 3 left on base; Alexandria 1 - Midland 0
BOTTOM OF THE 2ND
Midland RockHounds batting - Pitching for Alexandria Aces : RHP Santiago Manzanaros
Batting: RHB Iván Lopez 0-0: Ball
1-0: Ball
2-0: Called Strike
2-1: SINGLE (Line Drive, 3D, EV 106.9 MPH)
Batting: RHB Ty Ferrell 0-0: Called Strike
0-1: Ball
Iván Lopez steals 2nd base
1-1: Fly out, F7 (Flyball, 7D, EV 106.9 MPH)
Runner from 2nd tags up, SAFE at 3rd, no throw by LF
Batting: LHB Daniel San Juan 0-0: SINGLE (Line Drive, 56, EV 101.9 MPH)
Iván Lopez scores
Batting: RHB Isaac Dion 0-0: Swinging Strike
0-1: SINGLE (Line Drive, 89S, EV 88.1 MPH)
Daniel San Juan to second
Batting: RHB Leroy Woodcock 0-0: Called Strike
0-1: Ball
1-1: Swinging Strike
1-2: Fly out, F8 (Flyball, 89M, EV 76.3 MPH)
Batting: LHB Vicente Prieto 0-0: Ball
1-0: Called Strike
1-1: Ball
2-1: Foul Ball, location: 3F
2-2: SINGLE (Line Drive, 89S, EV 98.8 MPH)
Daniel San Juan to third
Isaac Dion to second
Runner from 3rd tries for Home, SAFE, throw by RF to home
Batting: RHB Francisco Adames 0-0: Ball
1-0: Called Strike
1-1: Swinging Strike
1-2: Ball
2-2: Fielders Choice at 2nd, 6-4 (Groundball, 6, EV 105.6 MPH)
Bottom of the 2nd over - 2 runs, 4 hits, 0 errors, 2 left on base; Alexandria 1 - Midland 2
TOP OF THE 3RD
Alexandria Aces batting - Pitching for Midland RockHounds : RHP Aidan Phillips
Batting: RHB Lamarr Blanchard 0-0: Swinging Strike
0-1: Foul Ball, location: 2F
0-2: Foul Ball, location: 3DF
0-2: Foul Ball, location: 5FF
0-2: Ball
1-2: Strikes out swinging
Batting: RHB Kelvin Cantrell 0-0: Ball
1-0: Ball
2-0: Called Strike
2-1: Foul Ball, location: 2F
2-2: Ball
3-2: Base on Balls
Batting: LHB Sun Liu 0-0: Ball
1-0: Swinging Strike
Kelvin Cantrell is caught stealing 2nd base 2-6
1-1: Ball
2-1: SOLO HOME RUN (Flyball, 9D, EV 93.1 MPH), Distance : 370 ft
Batting: SHB Maxwell Moore 0-0: Ball
1-0: Ball
2-0: Fly out, F8 (Flyball, 8RM, EV 98.1 MPH)
Top of the 3rd over - 1 run, 1 hit, 0 errors, 0 left on base; Alexandria 2 - Midland 2
BOTTOM OF THE 3RD
Midland RockHounds batting - Pitching for Alexandria Aces : RHP Santiago Manzanaros
Batting: RHB Finley Wehler 0-0: Swinging Strike
0-1: Foul Ball, location: 9LDF
0-2: Ball
1-2: Ball
2-2: Foul Ball, location: 9LDF
2-2: Ball
3-2: Ground out 5-3 (Groundball, 56, EV 86.3 MPH)
Batting: RHB Flint Melendez 0-0: Ball
1-0: Ball
2-0: Fly out, F5 (Popup, 15, EV 88.8 MPH)
Batting: RHB Iván Lopez 0-0: Ball
1-0: Called Strike
1-1: Ball
2-1: Ball
3-1: SOLO HOME RUN (Flyball, 7LD, EV 90.6 MPH), Distance : 353 ft
Batting: RHB Ty Ferrell 0-0: Foul Ball, location: 23FF
0-1: Ball
1-1: Foul Ball, location: 2F
1-2: Foul Ball, location: 2F
1-2: Ball
2-2: Ground out 6-3 (Groundball, 6, EV 101.3 MPH)
Bottom of the 3rd over - 1 run, 1 hit, 0 errors, 0 left on base; Alexandria 2 - Midland 3
TOP OF THE 4TH
Alexandria Aces batting - Pitching for Midland RockHounds : RHP Aidan Phillips
Batting: RHB Bill Sheppard 0-0: Ball
1-0: Swinging Strike
1-1: Swinging Strike
1-2: Ball
2-2: Fly out, F9 (Line Drive, 89M, EV 95.0 MPH)
Batting: RHB Nick Lyon 0-0: Ball
1-0: SINGLE (Line Drive, 4D, EV 98.1 MPH)
Batting: LHB Gregorix Briseno 0-0: Called Strike
0-1: Foul Ball, location: 5F
0-2: Ball
1-2: Ball
Nick Lyon steals 2nd base (no throw)
2-2: Ball
3-2: SINGLE (Groundball, 6S, EV 65.6 MPH) (infield hit)
Nick Lyon to third
Batting: LHB Adon Soledad 0-0: Ball
1-0: Called Strike
1-1: Ball
2-1: Fly out, F9 (Flyball, 9LM, EV 85.0 MPH)
Batting: LHB Ollie Backman 0-0: Ball
1-0: Ball
2-0: Foul Ball, location: 23F
2-1: DOUBLE (Flyball, 89D, EV 88.1 MPH)
Nick Lyon scores
Gregorix Briseno to third
Runner from 3rd tries for Home, SAFE, throw by RF to home
Batting: RHB Lamarr Blanchard 0-0: Ball
1-0: SINGLE (Groundball, 34D, EV 99.4 MPH)
Ollie Backman to third
Runner from 3rd tries for Home, SAFE, throw by RF to home
Lamarr Blanchard to second
Pitching: RHP Carlos De Leon
Batting: RHB Kelvin Cantrell 0-0: Called Strike
0-1: Swinging Strike
0-2: Strikes out swinging
Top of the 4th over - 3 runs, 4 hits, 0 errors, 1 left on base; Alexandria 5 - Midland 3
BOTTOM OF THE 4TH
Midland RockHounds batting - Pitching for Alexandria Aces : RHP Santiago Manzanaros
Batting: LHB Daniel San Juan 0-0: Foul Ball, location: 3F
0-1: Foul Ball, location: 2F
0-2: SINGLE (Groundball, 4D, EV 93.8 MPH)
Batting: RHB Isaac Dion 0-0: Called Strike
0-1: Fly out, F3 (Popup, 34, EV 59.4 MPH)
Batting: RHB Leroy Woodcock 0-0: Swinging Strike
0-1: Foul Ball, location: 5FF
0-2: Foul Ball, location: 23F
0-2: Ball
1-2: Fly out, F7 (Flyball, 78D, EV 87.5 MPH)
Batting: LHB Vicente Prieto 0-0: Foul Ball, location: 2F
0-1: Foul Ball, location: 7LMF
0-2: Ground out 4-3 (Groundball, 4, EV 83.8 MPH)
Bottom of the 4th over - 0 runs, 1 hit, 0 errors, 1 left on base; Alexandria 5 - Midland 3
TOP OF THE 5TH
Alexandria Aces batting - Pitching for Midland RockHounds : RHP Carlos De Leon
Batting: LHB Sun Liu 0-0: Fly out, F7 (Flyball, 7, EV 86.3 MPH)
Batting: SHB Maxwell Moore 0-0: Ball
1-0: Called Strike
1-1: SINGLE (Flyball, 5D, EV 93.8 MPH)
Batting: RHB Bill Sheppard 0-0: Swinging Strike
0-1: Foul Ball, location: 7LDF
0-2: Ball
1-2: Foul Ball, location: 5F
1-2: Foul Ball, location: 25F
1-2: Ball
2-2: Ball
3-2: Strikes out looking
Batting: RHB Nick Lyon 0-0: Ball
1-0: Foul Ball, location: 5FF
1-1: Foul Ball, location: 7LSF
1-2: Foul Ball, location: 25F
1-2: Ball
2-2: Ball
3-2: Foul Ball, location: 9LDF
3-2: SINGLE (Line Drive, 56D, EV 96.3 MPH)
Maxwell Moore to second
Maxwell Moore to third
Batting: LHB Gregorix Briseno 0-0: Ball
1-0: Ball
2-0: Ball
3-0: Called Strike
3-1: Base on Balls
Nick Lyon to second
Batting: LHB Adon Soledad 0-0: Called Strike
0-1: Ball
1-1: Foul Ball, location: 2F
1-2: Ball
2-2: Foul Ball, location: 2F
2-2: Foul Ball, location: 7LDF
2-2: Ball
3-2: Base on Balls
Maxwell Moore scores
Nick Lyon to third
Gregorix Briseno to second
Batting: LHB Ollie Backman 0-0: Called Strike
0-1: Fly out, F3 (Popup, 3F, EV 65.6 MPH)
Top of the 5th over - 1 run, 2 hits, 0 errors, 3 left on base; Alexandria 6 - Midland 3
BOTTOM OF THE 5TH
Midland RockHounds batting - Pitching for Alexandria Aces : RHP Santiago Manzanaros
Batting: RHB Francisco Adames 0-0: SINGLE (Line Drive, 56D, EV 95.0 MPH)
Batting: RHB Finley Wehler 0-0: Ball
1-0: Called Strike
1-1: Swinging Strike
1-2: SINGLE (Groundball, 34D, EV 98.8 MPH)
Francisco Adames to second
Francisco Adames to third
Batting: RHB Flint Melendez 0-0: Foul Ball, location: 2F
0-1: Ball
1-1: Fly out, F8 (Flyball, 8RM, EV 92.5 MPH)
Runner from 3rd tags up, SCORES, throw by CF
Batting: RHB Iván Lopez 0-0: Ball
1-0: Ball
2-0: Ball
3-0: Called Strike
3-1: Fly out, F7 (Flyball, 7LM, EV 95.0 MPH)
Batting: RHB Ty Ferrell 0-0: Called Strike
0-1: Swinging Strike
0-2: Foul Ball, location: 25F
0-2: Strikes out looking
Bottom of the 5th over - 1 run, 2 hits, 0 errors, 1 left on base; Alexandria 6 - Midland 4
TOP OF THE 6TH
Alexandria Aces batting - Pitching for Midland RockHounds : RHP Carlos De Leon
Batting: RHB Lamarr Blanchard 0-0: Ball
1-0: Called Strike
1-1: Ball
2-1: Foul Ball, location: 9LDF
2-2: Foul Ball, location: 3F
2-2: Ball
3-2: Fly out, F9 (Flyball, 9D, EV 100.0 MPH)
Batting: RHB Kelvin Cantrell 0-0: Called Strike
0-1: Ball
1-1: Foul Ball, location: 2F
1-2: Ball
2-2: SINGLE (Line Drive, 34D, EV 107.5 MPH)
Pitching: RHP Roderick Hughes
Batting: LHB Sun Liu 0-0: Called Strike
0-1: Swinging Strike
0-2: Foul Ball, location: 7LMF
0-2: Ball
1-2: Fly out, F5 (Popup, 56S, EV 75.6 MPH)
Batting: SHB Maxwell Moore 0-0: Ball
Kelvin Cantrell is caught stealing 2nd base 2-6
Top of the 6th over - 0 runs, 1 hit, 0 errors, 0 left on base; Alexandria 6 - Midland 4
BOTTOM OF THE 6TH
Midland RockHounds batting - Pitching for Alexandria Aces : RHP Santiago Manzanaros
Batting: LHB Daniel San Juan 0-0: Called Strike
0-1: Called Strike
0-2: Ball
1-2: Ground out 6-3 (Groundball, 6, EV 99.4 MPH)
Pitching: RHP Carter Cocozza
Batting: RHB Isaac Dion 0-0: Swinging Strike
0-1: Foul Ball, location: 5F
0-2: Strikes out swinging
Batting: RHB Leroy Woodcock 0-0: Ball
1-0: Called Strike
1-1: Foul Ball, location: 23F
1-2: Ball
2-2: Foul Ball, location: 23F
2-2: Ball
3-2: Fly out, F8 (Flyball, 8LM, EV 88.1 MPH)
Bottom of the 6th over - 0 runs, 0 hits, 0 errors, 0 left on base; Alexandria 6 - Midland 4
TOP OF THE 7TH
Alexandria Aces batting - Pitching for Midland RockHounds : RHP Roderick Hughes
Batting: SHB Maxwell Moore 0-0: Ball
1-0: Swinging Strike
1-1: Called Strike
1-2: Strikes out swinging
Batting: RHB Bill Sheppard 0-0: Ball
1-0: Ball
2-0: Ball
3-0: Called Strike
3-1: Base on Balls
Batting: RHB Nick Lyon 0-0: Ground out 5-3 (Groundball, 5S, EV 66.3 MPH)
Bill Sheppard to second
Batting: LHB Gregorix Briseno 0-0: Ball
1-0: Swinging Strike
1-1: Foul Ball, location: 2F
1-2: Ball
2-2: Foul Ball, location: 7LSF
2-2: Foul Ball, location: 5DF
2-2: Strikes out swinging
Top of the 7th over - 0 runs, 0 hits, 0 errors, 1 left on base; Alexandria 6 - Midland 4
BOTTOM OF THE 7TH
Midland RockHounds batting - Pitching for Alexandria Aces : RHP Carter Cocozza
Batting: LHB Vicente Prieto 0-0: Called Strike
0-1: Ball
1-1: Ball
2-1: Called Strike
2-2: Strikes out swinging
Batting: RHB Francisco Adames 0-0: Ground out 4-3 (Groundball, 4, EV 89.4 MPH)
Batting: RHB Finley Wehler 0-0: Ball
1-0: Foul Ball, location: 2F
1-1: Ground out U3 (Groundball, 3L, EV 104.4 MPH)
Bottom of the 7th over - 0 runs, 0 hits, 0 errors, 0 left on base; Alexandria 6 - Midland 4
TOP OF THE 8TH
Alexandria Aces batting - Pitching for Midland RockHounds : RHP Roderick Hughes
Batting: LHB Adon Soledad 0-0: Ball
1-0: Called Strike
1-1: Ball
2-1: Ball
3-1: Called Strike
3-2: Base on Balls
Batting: LHB Ollie Backman 0-0: Ball
Adon Soledad is caught stealing 2nd base 2-6
1-0: Ball
2-0: Ball
3-0: Called Strike
3-1: Base on Balls
Batting: RHB Lamarr Blanchard 0-0: Ball
1-0: Called Strike
1-1: Called Strike
1-2: Ball
2-2: Ball
3-2: SINGLE (Line Drive, 78M, EV 102.5 MPH)
Ollie Backman to second
Batting: RHB Kelvin Cantrell 0-0: Fly out, F9 (Flyball, 9, EV 92.5 MPH)
Batting: LHB Sun Liu 0-0: Called Strike
0-1: Ball
1-1: Called Strike
1-2: SINGLE (Groundball, 56D, EV 104.4 MPH)
Ollie Backman to third
Lamarr Blanchard to second
Runner from 3rd tries for Home, SAFE, throw by LF to home
Pitching: RHP Natal Orosco
Batting: SHB Maxwell Moore 0-0: Called Strike
0-1: Ball
1-1: Ball
2-1: Ball
3-1: Swinging Strike
3-2: Foul Ball, location: 5F
3-2: Strikes out looking
Top of the 8th over - 1 run, 2 hits, 0 errors, 2 left on base; Alexandria 7 - Midland 4
BOTTOM OF THE 8TH
Midland RockHounds batting - Pitching for Alexandria Aces : RHP Carter Cocozza
Batting: RHB Flint Melendez 0-0: Ball
1-0: Foul Ball, location: 2RF
1-1: Ball
2-1: Ground out 6-3 (Groundball, 56, EV 86.3 MPH)
Batting: RHB Iván Lopez 0-0: Fly out, F7 (Flyball, 7D, EV 105.6 MPH)
Batting: RHB Ty Ferrell 0-0: Swinging Strike
0-1: Called Strike
0-2: Ball
1-2: Strikes out swinging
Bottom of the 8th over - 0 runs, 0 hits, 0 errors, 0 left on base; Alexandria 7 - Midland 4
TOP OF THE 9TH
Alexandria Aces batting - Pitching for Midland RockHounds : RHP Natal Orosco
Batting: RHB Bill Sheppard 0-0: Ground out 6-3 (Groundball, 6, EV 83.1 MPH)
Batting: RHB Nick Lyon 0-0: Called Strike
0-1: Ball
1-1: Ball
2-1: Swinging Strike
2-2: Ball
3-2: Strikes out swinging
Batting: LHB Gregorix Briseno 0-0: DOUBLE (Groundball, 5L, EV 102.5 MPH)
Batting: LHB Adon Soledad 0-0: Ball
1-0: Ground out 4-3 (Groundball, 4MS, EV 90.0 MPH)
Top of the 9th over - 0 runs, 1 hit, 0 errors, 1 left on base; Alexandria 7 - Midland 4
BOTTOM OF THE 9TH
Midland RockHounds batting - Pitching for Alexandria Aces : RHP Carter Cocozza
Pitching: RHP Ethan Luks
Batting: LHB Daniel San Juan 0-0: Fly out, F8 (Flyball, 8LXD, EV 105.6 MPH)
Batting: RHB Isaac Dion 0-0: Foul Ball, location: 2F
0-1: SINGLE (Groundball, 4MD, EV 106.9 MPH) (infield hit)
Pinch Hitting: RHB Zach Caracciolo 0-0: Ball
1-0: Ball
2-0: Fly out, F7 (Line Drive, 7LS, EV 93.1 MPH)
Batting: LHB Vicente Prieto 0-0: Ball
1-0: Foul Ball, location: 2F
1-1: Ground out 4-3 (Groundball, 4, EV 90.6 MPH)
Bottom of the 9th over - 0 runs, 1 hit, 0 errors, 1 left on base; Alexandria 7 - Midland 4
Tuesday, April 16th , 2024 - OOTP Baseball 24.11 Build 85